 Dungeon Crawl Stone Soup version 0.27-a0-1590-g15f69828bf (webtiles) character file.

Game seed: 16604177883855871600

46 Anon1729 the Sneak (level 3, 0/19 HPs)
             Began as a Kobold Air Elementalist on July 18, 2021.
             Succumbed to an adder's poison
             ... on level 2 of the Dungeon.
             The game lasted 00:02:29 (1952 turns).

Anon1729 the Sneak (Kobold Air Elementalist)        Turns: 1952, Time: 00:02:29

Health: 0/19       AC:  3    Str:  5    XL:     3   Next: 95%
Magic:  4/6        EV: 15    Int: 17    God:
Gold:   75         SH:  0    Dex: 15    Spells: 6/7 levels left

rFire    + . .     SeeInvis .   g - +1 dagger (venom)
rCold    + . .     Faith    .   (shield restricted)
rNeg     . . .     Spirit   .   a - +0 robe
rPois    +         Reflect  .   i - +0 helmet
rElec    +         Harm     .   f - scarf {repulsion}
rCorr    +         Rampage  .   (no gloves)
Will     .....                  (no boots)
Stlth    +++.......             (no amulet)
HPRegen  0.06/turn              (no ring)
MPRegen  0.10/turn              (no ring)

@: lethally poisoned (0 -> -3), resistant, repel missiles
A: small, no large weapons, nightstalker 3
a: no special abilities


You were on level 2 of the Dungeon.
You visited 1 branch of the dungeon, and saw 2 of its levels.

You collected 75 gold pieces.

Inventory:

Hand Weapons
 g - a +1 dagger of venom (weapon)
Armour
 a - a +0 robe (worn)
 f - a scarf of repulsion (worn)
 i - a +0 helmet (worn)
Magical Staves
 j - a staff of air
Scrolls
 c - a scroll of teleportation {unknown}
 d - a scroll of enchant armour {unknown}
 e - a scroll of summoning {unknown}
 h - a scroll of amnesia {unknown}
 k - a scroll of noise {unknown}


   Skills:
 + Level 3.0 Dodging
 + Level 3.4 Stealth
 + Level 2.6 Spellcasting
 + Level 1.7 Conjurations
 + Level 3.3 Air Magic


You had 6 spell levels left.
You knew the following spells:

 Your Spells              Type           Power      Damage    Failure   Level
a - Shock                 Conj/Air       40%        1d5       6%          1

Your spell library contained the following spells:

 Spells                   Type           Power      Damage    Failure   Level
 Static Discharge         Conj/Air       10%        N/A       10%         2
 Swiftness                Air            13%        N/A       14%         3
 Apportation              Tloc           4%         N/A       19%         1
 Airstrike                Air            6%         N/A       41%         4
 Ozocubu's Armour         Ice            2%         N/A       50%         3
 Alistair's Intoxication  Tmut/Pois      1%         N/A       99%         5
 Invisibility             Hex            1%         N/A       100%        6
 Ozocubu's Refrigeration  Ice            1%         4d5       100%        7


Dungeon Overview and Level Annotations

Branches:
Dungeon (2/15)

Altars:


Innate Abilities, Weirdness & Mutations

You are small and have problems with some larger weapons.
You are completely attuned to the shadows.


Message History

The adder poisons you! The adder misses you. The adder barely misses you.
The rat closely misses you.
You feel sick.
The endoplasm hits you but does no damage.
You feel sick.
You feel sick. The adder bites you.
You are lethally poisoned!
The adder poisons you!
You feel very sick.
* * * LOW HITPOINT WARNING * * *
You feel sick.
It was a potion of resistance.
You feel protected.
* * * LOW HITPOINT WARNING * * *
You feel sick.
You kill the adder!
The endoplasm misses you.
Your Dodging skill increases to level 3!
Casting: Shock (safe; 6% risk of failure)
Confirm with . or Enter, or press ? or * to list all spells.
Aiming: Shock (safe; 6% risk of failure)
Press: ? - help, Shift-Dir - straight line, f - endoplasm
Aim: an endoplasm (97% to hit)
The zap hits the endoplasm.
The endoplasm is almost dead.
The zap hits the adder.
The adder is almost dead.
The zap misses the rat.
* * * LOW HITPOINT WARNING * * *
You feel sick. The endoplasm closely misses you.
Casting: Shock (safe; 6% risk of failure)
Confirm with . or Enter, or press ? or * to list all spells.
Aiming: Shock (safe; 6% risk of failure)
Press: ? - help, Shift-Dir - straight line, f/p - endoplasm
Aim: an endoplasm (almost dead, 97% to hit)
The zap hits the endoplasm.
You kill the endoplasm!
The zap misses the adder.
The zap hits the rat.
You kill the rat!
You die...

##.#..###########
#.#............#
#...##########.#
##..# #.# #..#
#.# #..#.#.# #.#
##.#.#.# #.#
#.#.#.# #.#
#.#.#.# #@# #
#.....#### #.#.#.
#.#......# #S#...
#.######.###.S.#
#.#...........##
♣.♣
#.#.####.#....#
..♣ #.#.#
#.#.....# .♣
#.#.# #...##....
♣ #.#.# #..# #...


You could see 2 adders.

Vanquished Creatures
  An adder (D:2)
  2 ball pythons
  4 bats
  5 endoplasms
  A giant cockroach (D:2)
  5 goblins
  5 hobgoblins
  4 jackals
  A kobold (D:1)
  3 frilled lizards
  3 rats
34 creatures vanquished.

Vanquished Creatures (others)
  2 plants (D:1)
2 creatures vanquished.

Grand Total: 36 creatures vanquished

Notes
Turn   | Place    | Note
-------+----------+-------------------------------------------
     0 | D:1      | Anon1729 the Kobold Air Elementalist began the quest for
                  | the Orb.
     0 | D:1      | Reached XP level 1. HP: 10/10 MP: 3/3
   185 | D:1      | Reached XP level 2. HP: 3/15 MP: 0/5
   893 | D:1      | Reached XP level 3. HP: 19/19 MP: 0/6
  1952 | D:2      | Succumbed to an adder's poison

Illustrated notes

Levels and vault maps discovered:
D:1:      dpeg_arrival_tiny_c, layout_rooms, st_stairs_5, serial_bayou_pond_d
D:2:      kb_forest_paths, layout_basic, minmay_bisected

Skill      XL: |  1  2  3 |
---------------+----------+-----
Stealth        | 3 |  3.4
Dodging        | 3 |  3.0
Spellcasting   | |  2.6
Conjurations   | |  1.7
Air Magic      | |  3.3

Action                   || total
-------------------------++-------
Melee: Unarmed           ||    61
       Dagger            ||    37
 Cast: Shock             ||    33
  Use: Potion            ||     1
 Stab: Sleeping          ||     7
Armor: Robe              ||    27
Dodge: Dodged            ||   119

Table legend: (Time is in decaauts)
 A = Elapsed time spent in this place.
 B = Non-inter-level travel time spent in this place.
 C = Inter-level travel time spent in this place.
 D = Time resting spent in this place.
 E = Time spent auto-exploring this place.
 F = Levels seen in this place.
 G = Mean time per level.
                   A        B        C        D        E       F      G
               +--------+--------+--------+--------+--------+-----+--------+
         Total |   1951 |   1939 |     12 |    433 |   1196 |   2 |  975.5 |
       Dungeon |   1951 |   1939 |     12 |    433 |   1196 |   2 |  975.5 |
               +--------+--------+--------+--------+--------+-----+--------+

Top non-repeatable levels by time:
     D:1: 1186 daAuts
     D:2: 764 daAuts
